 Dungeon Crawl Stone Soup version 0.29.1-15-g9cfb28693d (webtiles) character file.

Game seed: 11389824650898836360

14839 growler the Grappler (level 11, -7/126 HPs)
             Began as a Green Draconian Transmuter on Feb 21, 2023.
             Was a Priest of Wu Jian.
             Mangled by a yak (11 damage)
             ... on level 1 of the Lair of Beasts on Feb 24, 2023.
             The game lasted 00:38:06 (17137 turns).

growler the Grappler (Green Draconian Transmuter)  Turns: 17137, Time: 00:38:07

Health: -7/126     AC:  7    Str: 13    XL:     11   Next: 94%
Magic:  24/26      EV: 10    Int: 17    God:    Wu Jian [***...]
Gold:   385        SH:  0    Dex: 18    Spells: 8/18 levels left

rFire   x . .      SeeInvis .     - Unarmed
rCold   + + +      Faith    .   (shield currently unavailable)
rNeg    . . .      Spirit   .   (body armour unavailable)
rPois   +          Reflect  .   (helmet currently unavailable)
rElec   .          Harm     .   (cloak currently unavailable)
rCorr   .          Rampage  .   (gloves currently unavailable)
Will    .....                   (boots currently unavailable)
Stlth   ++........              d - amulet of the acrobat
HPRegen 0.31/turn               D - +6 ring of dexterity
MPRegen 0.20/turn               o - ring of magical power

@: exhausted, ice-form
A: freezing attack, amphibious, boosted hp, (breathe noxious fumes), AC +7,
large, unfitting armour, (poison resistance), (cold-blooded)
a: End Transformation, Renounce Religion, Wall Jump, Serpent's Lash


You were on level 1 of the Lair of Beasts.
You worshipped Wu Jian.
Wu Jian was most pleased with you.
You were a creature of crystalline ice.
You visited 3 branches of the dungeon, and saw 16 of its levels.

You collected 823 gold pieces.
You spent 438 gold pieces at shops.

Inventory:

Hand Weapons
 y - the +3 greatsling "Punk" {acid, rCorr}
   (You bought it in a shop on level 6 of the Dungeon)

   Any ammunition fired from it is coated in acid, damaging and corroding those
   it strikes.
   rCorr:     It protects you from acid and corrosion.
Armour
 q - a +0 pair of gloves (melded)
 C - a +0 cloak (melded)
Jewellery
 d - an amulet of the acrobat (around neck)
 i - a ring of poison resistance
 o - a ring of magical power (right front paw)
 t - an amulet of faith
 w - a +6 ring of intelligence
 z - a ring of ice
 D - a +6 ring of dexterity (left front paw)
 I - a ring of resist corrosion
Wands
 B - a wand of light (6)
 G - a wand of digging (6)
 J - a wand of flame (11)
 M - a wand of paralysis (3)
 N - a wand of polymorph (1)
 O - a wand of mindburst (5)
Scrolls
 c - a scroll of immolation
 f - a scroll of butterflies
 j - a scroll of vulnerability
 k - 6 scrolls of teleportation
 m - 2 scrolls of amnesia
 n - a scroll of noise
 s - a scroll of summoning
 u - 2 scrolls of fear
 x - a scroll of magic mapping
 E - 2 scrolls of brand weapon {unknown}
 F - 3 scrolls of identify
 H - 2 scrolls of enchant armour {unknown}
 K - 2 scrolls of enchant weapon {unknown}
Potions
 a - 3 potions of lignification
 b - 8 potions of heal wounds
 e - 2 potions of might
 g - a potion of ambrosia
 h - 8 potions of curing
 l - 3 potions of mutation
 p - 3 potions of brilliance
 r - a potion of invisibility
 v - a potion of flight
 A - 2 potions of berserk rage
 L - a potion of cancellation


   Skills:
 - Level 12.6 Fighting
 + Level 2.3 Dodging
 + Level 13.4 Unarmed Combat
 - Level 4.0 Spellcasting
 - Level 6.0 Transmutations
 - Level 5.0 Ice Magic


You had 8 spell levels left.
You knew the following spells:

 Your Spells              Type           Power      Damage    Failure   Level
a - Beastly Appendage     Tmut           46%        N/A       1%          1
b - Wereblood             Tmut           23%        N/A       1%          2
c - Spider Form           Tmut/Pois      13%        N/A       14%         3
d - Ice Form              Ice/Tmut       22%        N/A       16%         4

Your spell library contained the following spells:

 Spells                   Type           Power      Damage    Failure   Level
 Sting                    Tmut/Pois      52%        1d5       4%          1
 Passwall                 Tmut/Erth      10%        N/A       7%          2
 Sandblast                Erth           6%         2d5       16%         1
 Summon Small Mammal      Summ           12%        N/A       16%         1
 Poisonous Vapours        Pois/Air       6%         N/A       24%         2
 Sublimation of Blood     Necr           3%         N/A       24%         2
 Petrify                  Tmut/Erth      13%        N/A       41%         4
 Call Canine Familiar     Summ           3%         N/A       43%         3
 Gell's Gravitas          Tloc           3%         N/A       43%         3
 Portal Projectile        Hex/Tloc       6%         N/A       43%         3
 Stone Arrow              Conj/Erth      6%         3d7       43%         3
 Summon Guardian Golem    Hex/Summ       3%         N/A       43%         3
 Teleport Other           Tloc           3%         N/A       43%         3
 Fulminant Prism          Conj/Hex       1%         3d6       83%         4
 Iskenderun's Mystic Bla  Conj/Tloc      3%         2d3       83%         4
 Leda's Liquefaction      Hex/Erth       1%         N/A       83%         4
 Olgreb's Toxic Radiance  Pois           3%         N/A       83%         4
 Summon Lightning Spire   Summ/Air       3%         N/A       83%         4
 Metabolic Englaciation   Hex/Ice        5%         N/A       83%         5
 Lee's Rapid Deconstruct  Erth           1%         3d5*      99%         5
 Dispersal                Tloc           1%         N/A       100%        6
 Statue Form              Tmut/Erth      8%         N/A       100%        6
 Storm Form               Tmut/Air       6%         N/A       100%        7
 Summon Hydra             Summ           1%         N/A       100%        7
 Maxwell's Capacitive Co  Air            1%         ∞         100%        8


Dungeon Overview and Level Annotations

Branches:
Dungeon (14/15)            Temple (1/1) D:5            Lair (1/5) D:8
    Orc (0/2) D:10
 Vaults: D:13-14

Altars:
Ashenzari
Cheibriados
Dithmenos
Elyvilon
Gozag
Hepliaklqana
Kikubaaqudgha
Makhleb
Okawaru
Qazlal
Ru
Uskayaw
Vehumet
Wu Jian
Xom
Yredelemnul
Zin

Shops:
D:3 [([   D:6 (   D:8 [   D:10 (   D:12 (

Annotations:
D:2 Sigmund
D:9 2 transporters, cowcol's ghost, journeyman MiMo


Innate Abilities, Weirdness & Mutations

You are a creature of crystalline ice.
You have a powerful freezing melee attack.
You are amphibious.
Your maximum health is increased.
Your armour is entirely melded.
You are incapable of wielding weapons or throwing items.
((You can breathe blasts of noxious fumes.))
((Your lurid green scales are hard. (AC +7)))
You cannot fit into any form of body armour.
((Your system is resistant to poisons. (rPois)))
((You are cold-blooded and may be slowed by cold attacks.))


Message History

The yak barely misses you.
You hit the yak. You freeze the yak.
The yak is moderately wounded.
The yak gores you! The yak barely misses you. x2
You punch the yak! You freeze the yak.
The yak is heavily wounded.
The yak gores you! x3
* * * LOW HITPOINT WARNING * * *
The yak gores you but does no damage. The yak gores you!
* * * LOW HITPOINT WARNING * * *
Unknown command.
Your muscles tense, ready for explosive movement...
You spin and attack the yak, with incredible momentum.
You pummel the yak!! You freeze the yak.
You blow up the yak!
The Council accepts your kill.
You spin and attack the yak, with incredible momentum.
You pummel the yak!! You freeze the yak!
You blow up the yak!
The Council accepts your kill.
Your Dodging skill increases to level 2!
You lunge with incredible momentum at the yak, in a flurry of attacks.
You punch the yak! You freeze the yak.
The yak is almost dead.
You punch the yak! You freeze the yak.
You blow up the yak!
The Council accepts your kill.
Your supernatural speed expires.
You see here a yak corpse.
You spin and attack the yak.
You hit the yak but do no damage.
You spin and attack the yak.
You barely miss the yak. The yak closely misses you. The yak gores you!
* * * LOW HITPOINT WARNING * * *
Unknown command.
You spin and attack the yak repeatedly.
You punch the yak! You freeze the yak.
The yak is heavily wounded.
You hit the yak but do no damage.
The yak is heavily wounded.
You spin and attack the yak.
You barely miss the yak. The yak gores you!
You die...

..# .....#####+
#.P##..........
...............
...............
..........>....
.............
..........###..
#..Y.......
#.Y.Y.#.... #?.○..#
. #..°..# ...
##.....# ......
#P.....# ..#....
##.....####..#....
+##................
...................


You could see 2 yaks.

Vanquished Creatures
  A boulder beetle (D:13)
  A two-headed ogre (D:12)
  Urug (D:11)
  A cyclops (D:11)
  An ugly thing (D:11)
  Maurice (D:11)
  2 gargoyles
  5 trolls
  A hornet (D:9)
  9 slime creatures
  A wyvern (D:9)
  15 yaks
  A shadow (D:9)
  Eustachio (D:4)
  2 wraiths
  2 basilisks (D:12)
  2 steam dragons
  2 vampire mosquitoes (D:11)
  Edmund (D:4)
  An acid dragon (D:6)
  5 water moccasins
  3 orc warriors
  An ice beast (D:5)
  8 centaurs
  2 ogres
  2 phantoms
  A kobold brigand (D:9)
  2 bullfrogs
  A gnoll sergeant (D:11)
  5 necrophages
  2 scorpions (D:6)
  21 wights
  6 howler monkeys
  A crimson imp (D:5)
  5 hounds
  2 jellies
  2 orc priests (D:7)
  6 iguanas
  4 orc wizards
  Terence (D:3)
  7 gnolls
  6 adders
  5 ufetubi
  3 dart slugs
  37 orcs
  3 endoplasms
  2 giant cockroaches (D:3)
  3 hobgoblins
  6 kobolds
  2 quokkas
  5 ball pythons
  2 bats (D:2)
  5 frilled lizards
  8 goblins
  4 rats (D:2)
  A spectral orc (D:8)
230 creatures vanquished.

Vanquished Creatures (others)
  A human (D:13)
  8 plants (D:6)
9 creatures vanquished.

Grand Total: 239 creatures vanquished

Notes
Turn   | Place    | Note
-------+----------+-------------------------------------------
     0 | D:1      | growler the Draconian Transmuter began the quest for the
                  | Orb.
     0 | D:1      | Reached XP level 1. HP: 16/16 MP: 3/3
   446 | D:1      | Found a faded altar of an unknown god.
   723 | D:1      | Reached XP level 2. HP: 16/23 MP: 5/5
  1217 | D:2      | Noticed Sigmund
  1842 | D:3      | Found Itokufet's Armour Emporium.
  1947 | D:3      | Found a sacrificial altar of Ru.
  2093 | D:3      | Found Jomeitt's Armour Emporium.
  2136 | D:3      | Found Lesh's Antique Weapon Shoppe.
  2155 | D:3      | Reached XP level 3. HP: 24/28 MP: 6/6
  2167 | D:3      | Learned a level 2 spell: Wereblood
  2171 | D:3      | Learned a level 3 spell: Spider Form
  2268 | D:3      | Noticed Terence
  2279 | D:3      | Killed Terence
  2520 | D:3      | Reached XP level 4. HP: 27/35 MP: 8/8
  3054 | D:4      | Noticed a phantom
  3087 | D:4      | Killed a phantom
  3088 | D:4      | Reached skill level 4 in Unarmed Combat
  3088 | D:4      | Reached XP level 5. HP: 24/40 MP: 9/9
  3322 | D:4      | Noticed Edmund
  3351 | D:4      | Killed Edmund
  3352 | D:4      | Reached skill level 5 in Unarmed Combat
  3352 | D:4      | Reached XP level 6. HP: 27/47 MP: 10/10
  3503 | D:4      | Noticed Eustachio
  3573 | D:4      | Killed Eustachio
  3574 | D:4      | Reached skill level 6 in Unarmed Combat
  3974 | D:4      | Your scales start taking on a lurid green colour.
  3974 | D:4      | Reached XP level 7. HP: 52/52 MP: 11/11
  3974 | D:4      | Gained mutation: Your system is resistant to poisons.
                  | (rPois) [Green Draconian growth]
  4460 | D:4      | Learned a level 4 spell: Ice Form
  4497 | D:5      | Entered Level 5 of the Dungeon
  4511 | D:5      | Reached skill level 7 in Unarmed Combat
  4711 | D:5      | Found a staircase to the Ecumenical Temple.
  4729 | Temple   | Entered the Ecumenical Temple
  4826 | Temple   | Became a worshipper of the Wu Jian Council
  5211 | D:5      | Found a glowing silver altar of Zin.
  5611 | D:5      | Reached * piety under Wu Jian
  5688 | D:5      | Found a shadowy altar of Dithmenos.
  5708 | D:5      | HP: 1/57 [ice beast (8)]
  6214 | D:5      | Reached XP level 8. HP: 65/66 MP: 12/12
  6246 | D:5      | Found a burning altar of Makhleb.
  6246 | D:5      | Found a radiant altar of Vehumet.
  6406 | D:5      | Reached skill level 8 in Unarmed Combat
  6698 | D:5      | Reached skill level 5 in Fighting
  7385 | D:6      | Found Zavimavu's Weapon Boutique.
  7394 | D:6      | Bought the +3 greatsling "Punk" {acid, rCorr} for 438 gold
                  | pieces
  7394 | D:6      | Found the +3 greatsling "Punk" {acid, rCorr}
  7610 | D:6      | Reached skill level 9 in Unarmed Combat
  8244 | D:6      | Found a stormy altar of Qazlal.
  8244 | D:6      | Found an opulent altar of Gozag.
  8408 | D:6      | Reached XP level 9. HP: 18/77 MP: 13/13
  9119 | D:7      | Found a white marble altar of Elyvilon.
  9403 | D:7      | Found an iron altar of Okawaru.
  9420 | D:7      | Reached skill level 10 in Unarmed Combat
 10417 | D:8      | Reached skill level 1 in Ice Magic
 10869 | D:8      | Found a hazy altar of Hepliaklqana.
 10874 | D:8      | Reached ** piety under Wu Jian
 11115 | D:8      | Found Muti's Antique Armour Emporium.
 11196 | D:8      | Reached XP level 10. HP: 27/86 MP: 15/15
 11503 | D:8      | Found a staircase to the Lair.
 11614 | D:9      | Found a transporter.
 11722 | D:9      | Noticed cowcol's ghost (journeyman MiMo)
 11724 | D:9      | Noticed a five-headed hydra
 11746 | D:9      | Reached skill level 5 in Transmutations
 12191 | D:9      | Reached skill level 11 in Unarmed Combat
 12397 | D:9      | Found a transporter.
 12436 | D:9      | Found a snail-covered altar of Cheibriados.
 12616 | D:10     | Entered Level 10 of the Dungeon
 13146 | D:10     | Noticed a gargoyle
 13153 | D:10     | Found a staircase to the Orcish Mines.
 13153 | D:10     | Found Biss's Weapon Shoppe.
 13626 | D:10     | Reached skill level 10 in Fighting
 13799 | D:10     | Killed a gargoyle
 13800 | D:10     | Reached skill level 5 in Ice Magic
 13883 | D:11     | Noticed Urug
 13883 | D:11     | Noticed a cyclops
 14044 | D:11     | Noticed a gargoyle
 14050 | D:11     | Killed a gargoyle
 14110 | D:11     | Reached XP level 11. HP: 86/101 MP: 17/17
 14117 | D:11     | Noticed Maurice
 14126 | D:11     | Killed Maurice
 14128 | D:11     | Reached *** piety under Wu Jian
 14648 | D:11     | Noticed a purple ugly thing
 14663 | D:11     | Reached skill level 12 in Unarmed Combat
 15237 | D:11     | Killed Urug
 15389 | D:11     | Killed a purple ugly thing
 15614 | D:11     | You fall into a shaft and drop 3 floors!
 15632 | D:13     | Noticed a boulder beetle
 15654 | D:13     | Killed a boulder beetle
 16310 | D:13     | Reached skill level 13 in Unarmed Combat
 16570 | D:12     | Noticed an orc knight
 16637 | D:12     | Noticed a two-headed ogre
 16644 | D:12     | Killed a two-headed ogre
 16688 | D:12     | Found Duxol's Antique Weapon Boutique.
 17094 | Lair:1   | Entered Level 1 of the Lair of Beasts
 17136 | Lair:1   | HP: 4/126 [yak (15)]
 17137 | Lair:1   | Mangled by a yak

Illustrated notes

Levels and vault maps discovered:
D:1:      lemuel_arrival_hallway, layout_basic,
          shapermc_ecumenical_altar_hornbeckon, minmay_misc_feat_hallway
D:2:      layout_loops_ring, uniq_sigmund
D:3:      layout_rooms, nicolae_ru_sacrificial_ziggurat, serial_shops, shop,
          shop, nicolae_diamond_shop, corexii_item_surrounded_by_moat,
          uniq_terence
D:4:      layout_basic, serial_bayou_pond_d, moated_statue, st_stairs_14,
          uniq_eustachio, uniq_edmund
D:5:      layout_basic, grunt_temple_overflow_lords_of_destruction,
          nicolae_dithmenos_through_a_glass_darkly, zin_statuary,
          minmay_temple_entry_drinking_statues
D:6:      layout_basic, gammafunk_temple_overflow_statue, serial_shops,
          nicolae_shop_bloodbath_and_beyond, minmay_lizard_king
D:7:      layout_loops_ring, okawaru_ov_weapons_minmay, elyvilon_altar_1
D:8:      layout_cave_pods, nicolae_hepliaklqana_monster_ancestors,
          lair_entry_dummy, serial_shops, nicolae_shop_waterfront
D:9:      layout_gridville, mainiacjoe_overflow_24_doors, gammafunk_ghost_arena
D:10:     layout_loops_ring, orc_david_3
D:11:     layout_rooms, uniq_maurice, uniq_urug
D:12:     layout_cave_pools, serial_shops, nicolae_shop_hallway_stairs,
          enter_trove_2, corexii_corridor_pit
D:13:     layout_stronghold, ximxim_vaults_locker_room
D:14:     layout_roguey [special_room_orc], xom_redecorated,
          gauntlet_entry_generic, david_defended_altar_orc
Temple:   minmay_temple_curvy_loop
Lair:1:   layout_regular_city, serial_bayou_pond_d,
          chequers_serial_rivers_marsh, serial_bayou_shore_b

Skill      XL: |  1  2  3  4  5  6  7  8  9 10 11 |
---------------+----------------------------------+-----
Transmutations | 3 4 6 |  6.0
Spellcasting   | 3 4 |  4.0
Unarmed Combat | 4 5 6 7 9 10 11 13 | 13.4
Fighting       | 4 6 8 10 12 | 12.6
Ice Magic      | 2 5 |  5.0
Dodging        | 2 |  2.3

Action                   |  1- 3 |  4- 6 |  7- 9 | 10-12 || total
-------------------------+-------+-------+-------+-------++-------
Melee: Unarmed           |   106 |   112 |   425 |   345 ||   988
       Tailslap          |    17 |     9 |    38 |    30 ||    94
       Kick              |     8 |     3 |    19 |     1 ||    31
       Headbutt          |     4 |     1 |     8 |     3 ||    16
       Punch             |     1 |     2 |    15 |    13 ||    31
 Cast: Beastly Appendage |     3 |     2 |    12 |     1 ||    18
       Spider Form       |     1 |     4 |    11 |     2 ||    18
       Wereblood         |     1 |       |       |       ||     1
       Ice Form          |       |       |       |    16 ||    16
Invok: Lunge             |       |       |    27 |    32 ||    59
       Whirlwind         |       |       |     9 |    62 ||    71
       Serpent's Lash    |       |       |       |     3 ||     3
 Abil: Breathe Noxious F |       |       |     5 |     4 ||     9
Evoke: Wand              |       |       |     1 |       ||     1
  Use: Scroll            |       |     5 |     7 |     8 ||    20
       Potion            |       |       |     1 |     2 ||     3
 Stab: Sleeping          |     1 |       |       |       ||     1
       Distracted        |       |     1 |       |       ||     1
       Confused          |       |       |     5 |     5 ||    10
       Invisible         |       |       |     4 |       ||     4
Armor: Skin              |    19 |    30 |    92 |    72 ||   213
Dodge: Dodged            |    64 |    90 |   276 |   158 ||   588
